SAAA
TREMONT DOUBLEDAYS @ PORT ROYAL DISASTER
08/19/2030
 
TOP OF THE 1ST
Tremont Doubledays batting - Pitching for Port Royal Disaster : RHP Miguel Hernández
Pitching: RHP Miguel Hernández
Batting: RHB Jesús Quintana 0-0: Ball
1-0: Foul Ball, location: 2F
1-1: Called Strike
1-2: Strikes out looking
Batting: RHB Max Berman 0-0: Ball
1-0: Ground out 3-1 (Groundball, 34)
Batting: LHB Denis Jerningham 0-0: Foul Ball, location: 2F
0-1: Called Strike
0-2: Foul Ball, location: 2F
0-2: Ball
1-2: Ground out 6-3 (Groundball, 6S)
Top of the 1st over - 0 runs, 0 hits, 0 errors, 0 left on base; Tremont 0 - Port Royal 0
BOTTOM OF THE 1ST
Port Royal Disaster batting - Pitching for Tremont Doubledays : RHP Josef Strolz
Pitching: RHP Josef Strolz
Batting: LHB Sisto Pagnamenta 0-0: Called Strike
0-1: Ball
1-1: Called Strike
1-2: Ball
2-2: Foul Ball, location: 2F
2-2: Foul Ball, location: 2F
2-2: Ball
3-2: Base on Balls
Batting: RHB Loren Stallings 0-0: Ball
Sisto Pagnamenta steals 2nd base
1-0: Ball
2-0: Ball
3-0: Called Strike
3-1: Foul Ball, location: 2F
3-2: SINGLE (Groundball, 6S) (infield hit)
Sisto Pagnamenta to third
Batting: RHB Sancho Tornero 0-0: Ball
1-0: Foul Ball, location: 2F
1-1: Foul Ball, location: 2F
1-2: Foul Ball, location: 2F
1-2: Strikes out swinging
Batting: RHB Javier Martínez 0-0: Ball
1-0: Called Strike
1-1: SINGLE (Groundball, 4D)
Sisto Pagnamenta scores
Loren Stallings to second
Runner from 2nd tries for 3rd, SAFE, no throw
Batting: LHB Ricky Payton 0-0: Foul Ball, location: 2F
0-1: SINGLE (Line Drive, 6MD)
Loren Stallings scores
Javier Martínez to second
Batting: LHB António Quintero 0-0: Called Strike
0-1: Foul Ball, location: 2F
0-2: SINGLE (Flyball, 78S)
Javier Martínez to third
Ricky Payton to second
Runner from 3rd tries for Home, SAFE, no throw
Batting: RHB Brandon Cooper 0-0: Ball
1-0: Foul Ball, location: 2F
1-1: Fly out, F8 (Flyball, 89D)
Runner from 2nd tags up, SAFE at 3rd, no throw
Batting: RHB Winston Sparks 0-0: Ball
1-0: Fielders Choice at 2nd, 5-4 (Groundball, 56)
Bottom of the 1st over - 3 runs, 4 hits, 0 errors, 2 left on base; Tremont 0 - Port Royal 3
TOP OF THE 2ND
Tremont Doubledays batting - Pitching for Port Royal Disaster : RHP Miguel Hernández
Batting: RHB Otis Brewer 0-0: Ball
1-0: Ball
2-0: Called Strike
2-1: SINGLE (Groundball, 56S) (infield hit)
Batting: LHB Luis Velázquez 0-0: Ball
1-0: Grounds into double play, 5-4-3 (Groundball, 5)
Batting: RHB Andrés Gonzáles 0-0: Ball
1-0: Ground out 4-3 (Groundball, 4)
Top of the 2nd over - 0 runs, 1 hit, 0 errors, 0 left on base; Tremont 0 - Port Royal 3
BOTTOM OF THE 2ND
Port Royal Disaster batting - Pitching for Tremont Doubledays : RHP Josef Strolz
Batting: RHB Nelson Abbey 0-0: Ball
1-0: Ball
2-0: Swinging Strike
2-1: Ground out 1-3 (Groundball, 13S)
Batting: LHB Sisto Pagnamenta 0-0: Called Strike
0-1: Foul Ball, location: 2F
0-2: Ball
1-2: Ball
2-2: Ball
3-2: Base on Balls
Batting: RHB Loren Stallings 0-0: Swinging Strike
0-1: Grounds into double play, 4-6-3 (Groundball, 4M)
Bottom of the 2nd over - 0 runs, 0 hits, 0 errors, 0 left on base; Tremont 0 - Port Royal 3
TOP OF THE 3RD
Tremont Doubledays batting - Pitching for Port Royal Disaster : RHP Miguel Hernández
Batting: RHB David Elías 0-0: Called Strike
0-1: Ball
1-1: Ball
2-1: Foul Ball, location: 2F
2-2: Ball
3-2: Base on Balls
Batting: RHB Sheldon Deshotels 0-0: Ball
1-0: Foul Ball, location: 2F
1-1: Ball
2-1: Foul Ball, location: 2F
2-2: Foul Ball, location: 2F
2-2: Ball
3-2: Foul Ball, location: 2F
3-2: Foul Ball, location: 2F
3-2: Foul Ball, location: 2F
3-2: Foul Ball, location: 2F
3-2: Base on Balls
David Elías to second
Batting: SHB Carlos González 0-0: Ball
1-0: Called Strike
1-1: Swinging Strike
1-2: Ball
2-2: Ball
3-2: Foul Ball, location: 2F
3-2: Strikes out swinging
Batting: RHB Jesús Quintana 0-0: Foul Ball, location: 2F
0-1: Called Strike
0-2: Ball
1-2: Foul Ball, location: 2F
1-2: Grounds into double play, 4-6-3 (Groundball, 4)
Top of the 3rd over - 0 runs, 0 hits, 0 errors, 1 left on base; Tremont 0 - Port Royal 3
BOTTOM OF THE 3RD
Port Royal Disaster batting - Pitching for Tremont Doubledays : RHP Josef Strolz
Batting: RHB Sancho Tornero 0-0: Called Strike
0-1: Ball
1-1: Foul Ball, location: 2F
1-2: Foul Ball, location: 2F
1-2: Ball
2-2: Strikes out looking
Batting: RHB Javier Martínez 0-0: Called Strike
0-1: Ball
1-1: Swinging Strike
1-2: Ground out 4-3 (Groundball, 4D)
Batting: LHB Ricky Payton 0-0: Called Strike
0-1: Ball
1-1: Foul Ball, location: 2F
1-2: Fly out, F8 (Flyball, 78D)
Bottom of the 3rd over - 0 runs, 0 hits, 0 errors, 0 left on base; Tremont 0 - Port Royal 3
TOP OF THE 4TH
Tremont Doubledays batting - Pitching for Port Royal Disaster : RHP Miguel Hernández
Batting: RHB Max Berman 0-0: Ball
1-0: SINGLE (Groundball, 4MD)
Batting: LHB Denis Jerningham 0-0: Ball
1-0: Ball
2-0: Foul Ball, location: 2F
2-1: Called Strike
2-2: SINGLE (Groundball, 34S) (infield hit)
Max Berman to second
Batting: RHB Otis Brewer 0-0: Called Strike
0-1: Ball
1-1: Ball
2-1: Called Strike
2-2: Strikes out looking
Batting: LHB Luis Velázquez 0-0: Called Strike
0-1: Ball
1-1: Hit by Pitch
Max Berman to third
Denis Jerningham to second
Batting: RHB Andrés Gonzáles 0-0: Ball
1-0: Ball
2-0: Called Strike
2-1: Called Strike
2-2: Foul Ball, location: 2F
2-2: Foul Ball, location: 2F
2-2: Ball
3-2: Grounds into double play, 4-6-3 (Groundball, 4)
Top of the 4th over - 0 runs, 2 hits, 0 errors, 2 left on base; Tremont 0 - Port Royal 3
BOTTOM OF THE 4TH
Port Royal Disaster batting - Pitching for Tremont Doubledays : RHP Josef Strolz
Batting: LHB António Quintero 0-0: Ball
1-0: Ball
2-0: Ball
3-0: Base on Balls
Batting: RHB Brandon Cooper 0-0: Ball
1-0: Ball
2-0: Ball
3-0: Base on Balls
António Quintero to second
Batting: RHB Winston Sparks 0-0: SINGLE (Flyball, 9LS)
António Quintero to third
Brandon Cooper to second
Runner from 3rd tries for Home, SAFE, throw made home
Batting: RHB Nelson Abbey 0-0: Ball
1-0: SINGLE (Line Drive, 89S)
Brandon Cooper to third
Winston Sparks to second
Batting: LHB Sisto Pagnamenta 0-0: Ball
1-0: Called Strike
1-1: Ball
2-1: Ball
3-1: Base on Balls
Brandon Cooper scores
Winston Sparks to third
Nelson Abbey to second
Batting: RHB Loren Stallings 0-0: Called Strike
0-1: Foul Ball, location: 2F
0-2: Grounds into double play, 6-4-3 (Groundball, 6)
Winston Sparks scores
Nelson Abbey to third
Batting: RHB Sancho Tornero 0-0: Called Strike
0-1: Ball
1-1: Ball
2-1: Swinging Strike
2-2: Fly out, F9 (Flyball, 9LS)
Bottom of the 4th over - 3 runs, 2 hits, 0 errors, 1 left on base; Tremont 0 - Port Royal 6
TOP OF THE 5TH
Tremont Doubledays batting - Pitching for Port Royal Disaster : RHP Miguel Hernández
Batting: RHB David Elías 0-0: Called Strike
0-1: Ball
1-1: Called Strike
1-2: SINGLE (Groundball, 6MD)
Batting: RHB Sheldon Deshotels 0-0: Ball
1-0: SINGLE (Line Drive, 34)
David Elías to second
Batting: SHB Carlos González 0-0: Grounds into double play, 4-6-3 (Groundball, 4)
David Elías to third
Batting: RHB Jesús Quintana 0-0: Called Strike
0-1: Hit by Pitch
Pitching: RHP Kevin Samuels
Batting: RHB Max Berman 0-0: Called Strike
0-1: Fielders Choice at 2nd, U4 (Groundball, 4M)
Top of the 5th over - 0 runs, 2 hits, 0 errors, 2 left on base; Tremont 0 - Port Royal 6
BOTTOM OF THE 5TH
Port Royal Disaster batting - Pitching for Tremont Doubledays : RHP Josef Strolz
Batting: RHB Javier Martínez 0-0: Called Strike
0-1: Foul Ball, location: 2F
0-2: SOLO HOME RUN (Flyball, 8RXD), Distance : 436 ft
Batting: LHB Ricky Payton 0-0: Ball
1-0: Ball
2-0: Called Strike
2-1: Ground out 6-3 (Groundball, 56)
Batting: LHB António Quintero 0-0: Foul Ball, location: 2F
0-1: Ground out 5-3 (Groundball, 56)
Batting: RHB Brandon Cooper 0-0: Ball
1-0: Called Strike
1-1: Called Strike
1-2: SINGLE (Groundball, 56D)
Batting: RHB Winston Sparks 0-0: Ball
1-0: Fielders Choice at 2nd, 6-4 (Groundball, 6)
Bottom of the 5th over - 1 run, 2 hits, 0 errors, 1 left on base; Tremont 0 - Port Royal 7
TOP OF THE 6TH
Tremont Doubledays batting - Pitching for Port Royal Disaster : RHP Kevin Samuels
Batting: LHB Denis Jerningham 0-0: Ball
1-0: Fly out, F8 (Line Drive, 78D)
Batting: RHB Otis Brewer 0-0: Foul Ball, location: 2F
0-1: Ball
1-1: Foul Ball, location: 2F
1-2: Ball
2-2: Foul Ball, location: 2F
2-2: Strikes out looking
Batting: LHB Luis Velázquez 0-0: Called Strike
0-1: Swinging Strike
0-2: Ball
1-2: Foul Ball, location: 2F
1-2: Foul Ball, location: 2F
1-2: Fly out, F8 (Flyball, 78S)
Top of the 6th over - 0 runs, 0 hits, 0 errors, 0 left on base; Tremont 0 - Port Royal 7
BOTTOM OF THE 6TH
Port Royal Disaster batting - Pitching for Tremont Doubledays : RHP Josef Strolz
Batting: RHB Nelson Abbey 0-0: Ball
1-0: Called Strike
1-1: Ball
2-1: Ball
3-1: Base on Balls
Pitching: RHP Carlos Costello
Batting: LHB Sisto Pagnamenta 0-0: Grounds into double play, 4-6-3 (Groundball, 4)
Batting: RHB Loren Stallings 0-0: Called Strike
0-1: Ball
1-1: Fly out, F7 (Flyball, 78M)
Bottom of the 6th over - 0 runs, 0 hits, 0 errors, 0 left on base; Tremont 0 - Port Royal 7
TOP OF THE 7TH
Tremont Doubledays batting - Pitching for Port Royal Disaster : RHP Kevin Samuels
Batting: RHB Andrés Gonzáles 0-0: Ball
1-0: SINGLE (Groundball, 34D)
Batting: RHB David Elías 0-0: Ball
1-0: Ball
2-0: Foul Ball, location: 2F
2-1: SINGLE (Groundball, 6MD)
Andrés Gonzáles to second
Runner from 2nd tries for 3rd, SAFE, no throw
Batting: RHB Sheldon Deshotels 0-0: Ball
1-0: Ball
2-0: SINGLE (Groundball, 4MD)
Andrés Gonzáles scores
David Elías to second
Runner from 2nd tries for 3rd, SAFE, no throw
Batting: SHB Carlos González 0-0: Called Strike
Sheldon Deshotels steals 2nd base
0-1: Swinging Strike
0-2: Foul Ball, location: 2F
0-2: Ball
1-2: Ball
2-2: Ball
3-2: Strikes out swinging, 2-3 out at first.
Batting: RHB Jesús Quintana 0-0: Ball
1-0: Called Strike
1-1: Fly out, F9 (Flyball, 9D)
Runner from 3rd tags up, OUT at HOME
Top of the 7th over - 1 run, 3 hits, 0 errors, 1 left on base; Tremont 1 - Port Royal 7
BOTTOM OF THE 7TH
Port Royal Disaster batting - Pitching for Tremont Doubledays : RHP Carlos Costello
Batting: RHB Sancho Tornero 0-0: Called Strike
0-1: Ball
1-1: Called Strike
1-2: Fly out, F8 (Flyball, 89D)
Batting: RHB Javier Martínez 0-0: Swinging Strike
0-1: Ball
1-1: Swinging Strike
1-2: Ball
2-2: SINGLE (Flyball, 7LM)
Batting: LHB Ricky Payton 0-0: Ball
1-0: TRIPLE (Flyball, 9D)
Javier Martínez scores
Batting: LHB António Quintero 0-0: Ball
1-0: Called Strike
1-1: Ball
2-1: Foul Ball, location: 2F
2-2: Strikes out swinging
Batting: RHB Brandon Cooper 0-0: Ball
1-0: Ball
2-0: Ball
3-0: Called Strike
3-1: Base on Balls
Batting: RHB Winston Sparks 0-0: Ball
1-0: Ball
2-0: Called Strike
2-1: Foul Ball, location: 2F
2-2: Strikes out swinging
Bottom of the 7th over - 1 run, 2 hits, 0 errors, 2 left on base; Tremont 1 - Port Royal 8
TOP OF THE 8TH
Tremont Doubledays batting - Pitching for Port Royal Disaster : RHP Kevin Samuels
Batting: RHB Max Berman 0-0: Ball
1-0: Ground out 4-3 (Groundball, 4)
Batting: LHB Denis Jerningham 0-0: Ball
1-0: Ball
2-0: Ball
3-0: Base on Balls
Batting: RHB Otis Brewer 0-0: Swinging Strike
0-1: DOUBLE (Line Drive, 78D)
Denis Jerningham to third
Runner from 3rd tries for Home, SAFE, no throw
Batting: LHB Luis Velázquez 0-0: SINGLE (Groundball, 6D)
Otis Brewer to third
Batting: RHB Andrés Gonzáles 0-0: Ball
1-0: Ball
2-0: Fly out, F7 (Flyball, 78S)
Runner from 3rd tags up, SCORES, no throw
Batting: RHB David Elías 0-0: Ball
1-0: Called Strike
1-1: Foul Ball, location: 2F
1-2: Fly out, F5 (Popup, 56)
Top of the 8th over - 2 runs, 2 hits, 0 errors, 1 left on base; Tremont 3 - Port Royal 8
BOTTOM OF THE 8TH
Port Royal Disaster batting - Pitching for Tremont Doubledays : RHP Carlos Costello
Batting: RHB Nelson Abbey 0-0: Ball
1-0: Called Strike
1-1: Ball
2-1: Ball
3-1: Foul Ball, location: 2F
3-2: Foul Ball, location: 2F
3-2: Strikes out looking
Batting: LHB Sisto Pagnamenta 0-0: Ball
1-0: Fly out, F7 (Flyball, 7S)
Batting: RHB Loren Stallings 0-0: Ball
1-0: Ball
2-0: Called Strike
2-1: Ball
3-1: Foul Ball, location: 2F
3-2: Ground out 6-3 (Groundball, 6)
Bottom of the 8th over - 0 runs, 0 hits, 0 errors, 0 left on base; Tremont 3 - Port Royal 8
TOP OF THE 9TH
Tremont Doubledays batting - Pitching for Port Royal Disaster : RHP Kevin Samuels
Now at 1B: Davis Mills
Batting: RHB Sheldon Deshotels 0-0: Ball
1-0: Called Strike
1-1: Ground out 3-1 (Groundball, 34)
Batting: SHB Carlos González 0-0: Ball
1-0: Foul Ball, location: 2F
1-1: Ball
2-1: Ground out 4-3 (Groundball, 4S)
Batting: RHB Jesús Quintana 0-0: Ball
1-0: Foul Ball, location: 2F
1-1: Foul Ball, location: 2F
1-2: Ball
2-2: Fly out, F9 (Flyball, 89M)
Top of the 9th over - 0 runs, 0 hits, 0 errors, 0 left on base; Tremont 3 - Port Royal 8
Sunday, March 18th, 2018 - OOTP Baseball 18.8 Build 76